 Dungeon Crawl Stone Soup version 0.21-a0-91-ga5031da (webtiles) character file.

1278 HAL9000 the Slicer (level 8, -9/38 HPs)
             Began as a Vine Stalker Assassin on June 30, 2017.
             Was a Follower of Dithmenos.
             Mangled by an ogre
             ... wielding a +0 giant club
              (22 damage)
             ... on level 4 of the Dungeon.
             The game lasted 00:13:28 (4400 turns).

HAL9000 the Slicer (Vine Stalker Assassin)          Turns: 4400, Time: 00:13:29

Health: -9/38      AC:  5    Str: 15    XL:     8   Next: 54%
Magic:  0/9        EV: 11    Int: 11    God:    Dithmenos [*.....]
Gold:   141        SH:  0    Dex: 17    Spells: 7/7 levels left

rFire    x . .     SeeInvis .   w - +0 rapier
rCold    + . .     Gourm    .   (no shield)
rNeg     . . .     Faith    .   q - +0 leather armour (curse)
rPois    .         Spirit   +   (no helmet)
rElec    .         Reflect  .   d - +0 cloak
rCorr    .         Harm     .   x - +0 pair of gloves
MR       +....                  (no boots)
Stlth    +++.......             (no amulet)
HPRegen  0.52/turn              s - ring of ice
MPRegen  0.11/turn              (no ring)

@: wreathed by umbra
A: fangs 3, regeneration 1, magic shield, antimagic bite, no potion heal 3, rot
immunity
a: Renounce Religion


You were on level 4 of the Dungeon.
You worshipped Dithmenos.
Dithmenos was aware of your devotion.
You were not hungry.

You visited 1 branch of the dungeon, and saw 4 of its levels.

You collected 141 gold pieces.

Inventory:

Hand Weapons
 a - a +2 dagger
 b - a +0 blowgun
 w - a +0 rapier (weapon)
Missiles
 e - 64 poisoned needles
 f - a curare-tipped needle
 B - a throwing net (quivered)
Armour
 d - a +0 cloak (worn)
 q - a cursed +0 leather armour (worn)
 x - a +0 pair of gloves (worn)
Jewellery
 s - a ring of ice (left hand)
Scrolls
 h - 3 scrolls of teleportation {unknown}
 j - 5 scrolls of remove curse {unknown}
 k - 2 scrolls of noise {unknown}
 l - 4 scrolls of identify
 u - a scroll of enchant armour {unknown}
 v - a scroll of immolation {unknown}
 z - a scroll of fog {unknown}
Potions
 m - 5 potions of curing
Comestibles
 g - 3 bread rations
 i - 2 royal jellies
 p - 13 fruits
 A - 5 chunks of flesh


   Skills:
 - Level 1.7 Fighting
 + Level 9.4 Short Blades
 - Level 1.7 Throwing
 - Level 0.7 Dodging
 - Level 4.8 Stealth


You had 7 spell levels left.
You didn't know any spells.

Dungeon Overview and Level Annotations

Branches:
Dungeon (4/15)
 Temple: D:4-7

Altars:
Dithmenos


Innate Abilities, Weirdness & Mutations

You have razor-sharp teeth.
Your natural rate of healing is unusually fast.
When hurt, damage is shared between your health and your magic reserves.
Your bite disrupts and absorbs the magic of your enemies.
Potions cannot restore your health.
You are immune to rotting.


Message History

The gnoll is heavily wounded.
You hit the gnoll.
You kill the gnoll!
Dithmenos accepts your kill. The ogre hits you with a giant club.
The ogre hits you with a giant club.
You hit the ogre. Your bite misses the ogre.
The ogre is lightly wounded.
You puncture the ogre! You bite the ogre, but do no damage.
The ogre is heavily wounded.
The ogre hits you with a giant club!
You hit the ogre. You bite the ogre. You drain its power.
You feel invigorated.
The ogre is severely wounded.
The gnoll shaman closely misses you.
You hit the ogre.
The ogre is almost dead.
The gnoll hits you from afar with a halberd!
The ogre hits you with a giant club!!
Ouch! That really hurt!
You die...

#....≈≈#####≈≈≈≈≈≈≈≈≈≈≈≈....≈
#....≈≈#...#.................
#...P≈≈#...#############''''#
#....≈≈###'#...........#....#
#....≈≈≈.#.').......)..)....'
#....≈≈≈.#.#.........).#....#
#....≈≈≈.#.##################
#.P..≈≈≈.#..)g..# .......
#....≈≈≈.#..@Og.# ...g...
#....≈≈≈.#.###g## ..O..
#....≈≈≈.#.#..).# ..g
#....≈≈≈.#.#....###'######
#....≈≈###'#....'..).....#
#....≈≈#...##################
#....≈≈#...#.................
#....≈≈#####≈≈≈≈≈≈≈≈≈≈≈≈≈≈≈≈≈
#....≈≈≈≈≈≈≈≈≈≈≈≈≈≈≈≈≈≈≈≈≈≈≈≈


You could see an ogre, a gnoll shaman and 2 gnolls.

Vanquished Creatures
  Pikel (D:4)
  Grinder (D:4)
  2 slaves
  An ogre (D:4)
  A big kobold (D:3)
  2 gnoll shamans (D:4)
  A worker ant (D:4)
  26 gnolls
  A howler monkey skeleton (D:4)
  4 adders
  An ooze (D:3)
  3 worms
  A leopard gecko (D:2)
  6 bats
  6 giant cockroaches
  3 hobgoblins
  17 jackals
  2 ball pythons (D:1)
  6 frilled lizards
  8 goblins
  A jackal skeleton (D:4)
  19 kobolds
  7 rats
  A bush (D:3)
121 creatures vanquished.

Vanquished Creatures (others)
  2 gnolls (D:4)
  A leopard gecko skeleton (D:4)
3 creatures vanquished.

Grand Total: 124 creatures vanquished

Notes
Turn   | Place    | Note
-------+----------+-------------------------------------------
     0 | D:1      | HAL9000 the Vine Stalker Assassin began the quest for the Orb.
     0 | D:1      | Reached XP level 1. HP: 11/11 MP: 2/2
    96 | D:1      | Reached skill level 2 in Short Blades
   249 | D:1      | Reached XP level 2. HP: 14/15 MP: 3/3
   847 | D:2      | Reached skill level 3 in Short Blades
   884 | D:2      | Reached XP level 3. HP: 18/18 MP: 4/4
  1363 | D:2      | Gained mutation: Your natural rate of healing is unusually fast. [Vine Stalker growth]
  1363 | D:2      | Reached XP level 4. HP: 11/23 MP: 5/5
  1497 | D:2      | Found a faded altar of an unknown god.
  1673 | D:3      | Reached skill level 4 in Short Blades
  2255 | D:3      | Noticed a big kobold
  2271 | D:3      | Killed a big kobold
  2271 | D:3      | Reached skill level 5 in Short Blades
  2271 | D:3      | Reached XP level 5. HP: 20/26 MP: 4/6
  3003 | D:4      | Noticed Grinder
  3008 | D:4      | Paralysed by Grinder for 5 turns
  3098 | D:4      | Killed Grinder
  3098 | D:4      | Reached skill level 6 in Short Blades
  3098 | D:4      | Reached XP level 6. HP: 12/30 MP: 7/7
  3357 | D:4      | Noticed a slave
  3357 | D:4      | Noticed a slave
  3358 | D:4      | Noticed a slave
  3359 | D:4      | Noticed Pikel
  3359 | D:4      | Noticed a slave
  3396 | D:4      | Killed a slave
  3457 | D:3      | Killed a slave
  3540 | D:4      | Killed Pikel
  3540 | D:4      | Reached skill level 8 in Short Blades
  3540 | D:4      | Reached XP level 7. HP: 16/34 MP: 4/8
  3540 | D:4      | Gained mutation: You have razor-sharp teeth. [Vine Stalker growth]
  3540 | D:4      | Reached XP level 8. HP: 17/38 MP: 4/9
  3676 | D:4      | Found a shadowy altar of Dithmenos.
  3725 | D:4      | Became a worshipper of Dithmenos the Shadowed
  4119 | D:4      | Reached * piety under Dithmenos
  4217 | D:4      | Reached skill level 9 in Short Blades
  4400 | D:4      | Mangled by an ogre

Vault maps used:
D:1:      minmay_arrival_loop, serial_park_tiny_1
D:2:      chequers_ecumenical_altar_simple
D:3:      cheibrodos_thug_alley, serial_forest, infiniplex_forest_clump_long,
          infiniplex_forest_straight_1, infiniplex_forest_straight_4,
          infiniplex_forest_straight_4, infiniplex_forest_lined_2,
          infiniplex_forest_clump_double, infiniplex_forest_pool,
          infiniplex_forest_corner_1, first_bread
D:4:      lemuel_castle_with_subvaults, kennysheep_mini_moat,
          nicolae_dithmenos_shadow_blocks, uniq_pikel, uniq_grinder

Skill      XL: |  1  2  3  4  5  6  7  8 |
---------------+-------------------------+-----
Short Blades   | 2 3 5 6 8 9 |  9.4
Fighting       | |  1.7
Throwing       | |  1.7
Dodging        | |  0.7
Stealth        | |  4.8

Action                   |  1- 3 |  4- 6 |  7- 9 || total
-------------------------+-------+-------+-------++-------
Melee: Dagger            |    81 |    34 |       ||   115
       Bite              |    17 |   109 |    52 ||   178
       Rapier            |       |   234 |   141 ||   375
 Fire: Blowgun           |    12 |     5 |       ||    17
  Use: Scroll            |       |     1 |       ||     1
 Stab: Sleeping          |     7 |     6 |     3 ||    16
       Distracted        |     1 |     1 |       ||     2
  Eat: Chunk             |     1 |     4 |     3 ||     8
       Fruit             |       |     4 |       ||     4
Armor: Robe              |    11 |       |       ||    11
       Leather armour    |     9 |    33 |    30 ||    72
Dodge: Dodged            |    50 |    60 |    65 ||   175
